 Dungeon Crawl Stone Soup version 0.21-a0-440-g28109cb (webtiles) character file.

219 KristoblXynda the Slasher (level 5, 0/40 HPs)
             Began as a Draconian Fighter on Nov 10, 2017.
             Succumbed to an adder's poison
             ... on level 3 of the Dungeon.
             The game lasted 00:04:00 (2190 turns).

KristoblXynda the Slasher (Draconian Fighter)       Turns: 2190, Time: 00:04:01

Health: 0/40       AC:  6    Str: 19    XL:     5   Next: 63%
Magic:  5/5        EV: 10    Int:  9    God:
Gold:   146        SH:  9    Dex: 10    Spells: 4/4 levels left

rFire    + . .     SeeInvis .   a - +0 long sword
rCold    + . .     Gourm    .   b - +0 shield
rNeg     . . .     Faith    .   (armour unavailable)
rPois    +         Spirit   .   (helmet restricted)
rElec    +         Reflect  .   (no cloak)
rCorr    +         Harm     .   (no gloves)
MR       .....                  k - +0 pair of boots
Stlth    +.........             (no amulet)
HPRegen  0.13/turn              (no ring)
MPRegen  0.09/turn              (no ring)

@: lethally poisoned (0 -> -3), resistant
A: unfitting armour, frail 1, screaming 1, wild magic 2, cold-blooded, AC +5
a: no special abilities


You were on level 3 of the Dungeon.
You were completely stuffed.

You visited 1 branch of the dungeon, and saw 3 of its levels.

You collected 146 gold pieces.

Inventory:

Hand Weapons
 a - a +0 long sword (weapon)
Armour
 b - a +0 shield (worn)
 k - a +0 pair of boots (worn)
Scrolls
 g - a scroll of magic mapping
 h - a scroll of remove curse {unknown}
 i - a scroll of fear {unknown}
 m - a scroll of enchant weapon {unknown}
 o - a scroll of blinking {unknown}
 s - a scroll of teleportation {unknown}
 v - a scroll of fog {unknown}
Potions
 c - a potion of might
 e - 4 potions of brilliance
 f - a potion of cancellation
 q - a potion of agility
Books
 u - a book of Changes

   Spells                             Type                      Level
   a - Beastly Appendage              Transmutation                1
   b - Sticks to Snakes               Transmutation                2
   c - Spider Form                    Transmutation/Poison         3
   d - Ice Form                       Ice/Transmutation            4
   e - Blade Hands                    Transmutation                5
Comestibles
 d - 4 bread rations
 p - 2 royal jellies


   Skills:
 - Level 3.2 Fighting
 * Level 5.0 Long Blades
 - Level 2.6 Dodging
 + Level 4.4 Shields


You had 4 spell levels left.
You didn't know any spells.

Dungeon Overview and Level Annotations

Branches:
Dungeon (3/15)

Altars:


Innate Abilities, Weirdness & Mutations

Your plain brown scales are hard. (AC +5)
You cannot fit into any form of body armour.
You are cold-blooded and may be slowed by cold attacks.
You are frail. (-10% HP)
You occasionally shout uncontrollably at your foes.
Your spells are harder to cast, but more powerful.


Message History

You kill the adder!
Your Long Blades skill increases to level 5!
Unknown command.
You see here an adder corpse.
There is a lethal amount of poison in your body!
There is a lethal amount of poison in your body!
You eat the meat ration.
That meat ration really hit the spot!
* * * LOW HITPOINT WARNING * * *
You feel sick.
Okay, then.
There is a lethal amount of poison in your body!
There is a lethal amount of poison in your body!
There is a lethal amount of poison in your body!
Unknown command.
* * * LOW HITPOINT WARNING * * *
You feel sick.
* * * LOW HITPOINT WARNING * * *
You feel sick.
Unknown command.
You die...

...............KS.#,*,*****,,,,,,
........................,,,,,>*,,
......###+###..........#*******,,
......#*,,,.........<..# *,,
......#*,...##.#.......# ***
......#*,...*#.$..%....#
......#*,..,*#(........# *****
......#*,,,,*#..###+#### *,,,,
********,,,,*#..@....# *,**,
******#.#.##..# *,**, #...##.)#
*,*** ####.##..#######*,***
#....##.........*,,,,
#)#...#.........*****
#.#...#.........,,,*
#.###.#.........,,,*
#.#.............,,,*


There were no monsters in sight!

Vanquished Creatures
  The ghost of anything the Sneak, an amateur OpAs of Nemelex Xobeh (D:3)
  An orc wizard (D:3)
  A worker ant (D:2)
  3 adders
  A dart slug (D:1)
  2 leopard geckos (D:3)
  4 orcs (D:3)
  A ball python (D:3)
  6 bats
  2 giant cockroaches
  4 hobgoblins
  5 jackals
  A quokka (D:2)
  4 frilled lizards
  7 goblins
  6 kobolds
  6 rats
55 creatures vanquished.

Notes
Turn   | Place    | Note
-------+----------+-------------------------------------------
     0 | D:1      | KristoblXynda the Draconian Fighter began the quest for the Orb.
     0 | D:1      | Reached XP level 1. HP: 19/19 MP: 1/1
   170 | D:1      | Reached XP level 2. HP: 24/26 MP: 2/2
   290 | D:1      | Reached skill level 3 in Long Blades
   810 | D:2      | Reached XP level 3. HP: 17/31 MP: 3/3
  1289 | D:3      | Reached XP level 4. HP: 30/38 MP: 4/4
  1487 | D:3      | Reached skill level 4 in Long Blades
  1549 | D:2      | Gained mutation: Your spells are a little harder to cast, but a little more powerful. [potion of mutation]
  1549 | D:2      | Gained mutation: You are frail. (-10% HP) [potion of mutation]
  1549 | D:2      | Gained mutation: You occasionally shout uncontrollably at your foes. [potion of mutation]
  1549 | D:2      | Gained mutation: Your spells are harder to cast, but more powerful. [potion of mutation]
  1553 | D:2      | HP: 2/51 [poisoned by a worker ant]
  1558 | D:2      | HP: 2/51 [poisoned by a worker ant]
  1563 | D:2      | HP: 1/51 [poisoned by a worker ant]
  1569 | D:2      | HP: 1/51 [poisoned by a worker ant]
  1575 | D:2      | HP: 1/51 [poisoned by a worker ant]
  2125 | D:3      | Noticed anything's ghost (amateur OpAs)
  2157 | D:3      | Killed anything's ghost
  2157 | D:3      | Reached XP level 5. HP: 27/40 MP: 5/5
  2182 | D:3      | Reached skill level 5 in Long Blades
  2184 | D:3      | HP: 2/40 [poisoned by an adder]
  2190 | D:3      | Succumbed to an adder's poison

Vault maps used:
D:1:      dpeg_arrival_concentric_ovals, st_stairs_8, minmay_misc_feat_five,
          roderic_nine_men_s_morris, minmay_pentomino_v2
D:2:      cheibrodos_helix_gallery, grunt_ministairs_11
D:3:      nicolae_qazlal_eye_of_the_storm, uniq_terence

Skill      XL: |  1  2  3  4  5 |
---------------+----------------+-----
Long Blades    | 3 4 5 |  5.0
Shields        | 4 |  4.4
Fighting       | |  3.2
Dodging        | |  2.6

Action                   |  1- 3 |  4- 6 || total
-------------------------+-------+-------++-------
Melee: Long sword        |    99 |    95 ||   194
       Tailslap          |    12 |     9 ||    21
  Use: Scroll            |     3 |     1 ||     4
       Potion            |       |     6 ||     6
 Stab: Sleeping          |     1 |       ||     1
  Eat: Royal jelly       |     1 |       ||     1
       Meat ration       |       |     2 ||     2
       Chunk             |       |     1 ||     1
Armor: Skin              |    30 |    37 ||    67
Dodge: Dodged            |    52 |    47 ||    99
Block: Shield            |    61 |    67 ||   128
       Rpst.: Long sword |     8 |    14 ||    22

Table legend:
 A = Spawn XP
 B = Non-spawn XP
 C = Spawn XP percentage of total XP
 D = Spawn monster count
 E = Non-spawn monster count
 F = Spawn count percentage of total count
 G = Total turns spent on level
                    A         B        C        D         E        F      G
               +---------+---------+-------+---------+---------+-------+---------
         Total |       0 |     313 |   0.0 |       0 |      55 |   0.0 |  2190
               +---------+---------+-------+---------+---------+-------+---------
           D:1 |       0 |      36 |   0.0 |       0 |      21 |   0.0 |   745
           D:2 |       0 |      61 |   0.0 |       0 |      12 |   0.0 |   958
           D:3 |       0 |     216 |   0.0 |       0 |      22 |   0.0 |   487
               +---------+---------+-------+---------+---------+-------+---------
